AoeStats
← claudio_miranda_94

Arena

510221728Analyzed
1v1 RM · 2d ago on Sep 30, 2026· 19m 59s· 2 players
Game mode
Random Map
Map size
Tiny (2 player)
Population
200
Speed
Normal
Resources
Standard
Victory
Conquest
Starting age
Dark Age
Ending age
Imperial Age
RankedLock teamsTeams togetherTeam positionsShared explorationLock speedFull tech treeHidden civsTurbo modeCheats
Victory
Defeat
🇨🇱 Turks · Chile
791
+17
819
-17
claudio_miranda_94
8:07 Loom
10:41 Feudal Age
11:38 Horse Collar
11:47 Double-Bit Axe
19:40 Castle Age
17:42 Gold Mining
18:03 Stone Mining
哄好队友就能赢
10:11 Feudal Age
14:07 Castle Age
12:24 Double-Bit Axe
13:10 Horse Collar
18:32 Bow Saw
Connection lost

Rejoining the realm…

Still unreachable

The connection could not be restored.

Session expired

The server has moved on; the page needs a fresh start.